 Dungeon Crawl Stone Soup version 0.25.0-9-g26727b657a (webtiles) character file.

Game seed: 591481109857400017

3541 Delamore the Basher (level 10, -5/56 HPs)
             Began as a Gargoyle Fighter on June 18, 2020.
             Collided with a rock wall (6 damage)
             ... caused by Erica
             ... on level 7 of the Dungeon.
             The game lasted 00:09:41 (8057 turns).

Delamore the Basher (Gargoyle Fighter)              Turns: 8057, Time: 00:09:41

Health: -5/56      AC: 19    Str: 22    XL:     10   Next: 8%
Magic:  11/11      EV:  7    Int: 10    God:
Gold:   283        SH: 15    Dex: 15    Spells: 9/9 levels left

rFire    . . .     SeeInvis .   a - +1 flail
rCold    . . .     Gourm    .   c - +0 kite shield
rNeg     + . .     Faith    .   b - +0 scale mail
rPois    ∞         Spirit   .   r - +1 helmet
rElec    +         Reflect  +   u - +2 cloak {MR+}
rCorr    .         Harm     .   (no gloves)
MR       +....                  (no boots)
Stlth    ..........             w - amulet of reflection
HPRegen  0.18/turn              x - +6 ring of dexterity
MPRegen  0.12/turn              (no ring)

@: very slightly contaminated
A: negative energy resistance 1, electricity resistance, unbreathing,
petrification resistance, rot immunity, AC +7
a: no special abilities


You were on level 7 of the Dungeon.
You were hungry.

You visited 2 branches of the dungeon, and saw 9 of its levels.

You collected 340 gold pieces.
You spent 57 gold pieces at shops.

Inventory:

Hand Weapons
 a - a +1 flail (weapon)
Missiles
 D - a throwing net (quivered)
Armour
 b - a +0 scale mail (worn)
 c - a +0 kite shield (worn)
 j - a scarf of invisibility
 r - a +1 helmet (worn)
 u - a +2 cloak of magic resistance (worn)
Jewellery
 w - an amulet of reflection (around neck)
 x - a +6 ring of dexterity (left hand)
Wands
 y - a wand of polymorph (8)
Scrolls
 e - 3 scrolls of enchant weapon
 g - a scroll of magic mapping {unknown}
 h - 2 scrolls of teleportation
 i - a scroll of identify
 l - a scroll of noise {unknown}
 o - a scroll of enchant armour
 p - 6 scrolls of remove curse
 s - 3 scrolls of fog
 A - a scroll of random uselessness
 E - a scroll of amnesia {unknown}
 F - a scroll of silence
Potions
 d - a potion of might
 k - 2 potions of haste
 m - 2 potions of brilliance
 n - a potion of mutation
 q - 5 potions of curing
 t - a potion of magic
 z - a potion of lignification
 B - 2 potions of flight
 C - a potion of ambrosia
 G - a potion of resistance
Comestibles
 f - 14 rations


   Skills:
 - Level 3.2 Fighting
 + Level 13.4 Maces & Flails
 - Level 3.2 Armour
 - Level 3.2 Shields
 - Level 2.4 Evocations


You had 9 spell levels left.
You didn't know any spells.
Your spell library contained the following spells:

 Spells                   Type           Power        Failure   Level  Hunger
 Animate Skeleton         Necr           N/A          99%         1    ##.....
 Apportation              Tloc           #.....       99%         1    ##.....
 Beastly Appendage        Tmut           #.....       99%         1    ##.....
 Corona                   Hex            #......      99%         1    ##.....
 Summon Small Mammal      Summ           #...         99%         1    ##.....
 Sticks to Snakes         Tmut           #.......     100%        2    ###....
 Spider Form              Tmut/Pois      #.........   100%        3    ####...
 Ice Form                 Ice/Tmut       #.......     100%        4    #####..
 Blade Hands              Tmut           #.........   100%        5    ######.


Dungeon Overview and Level Annotations

Branches:
Dungeon (8/15)             Temple (1/1) D:4
   Lair: D:8-11

Altars:
Cheibriados
Dithmenos
Elyvilon
Fedhas
Hepliaklqana
Kikubaaqudgha
Makhleb
Nemelex Xobeh
Qazlal
Ru
Sif Muna
Vehumet
Xom
Zin
The Shining One

Shops:
D:5 *

Annotations:
D:7 Erica


Innate Abilities, Weirdness & Mutations

You are resistant to torment.
Your stone body is resilient. (AC +7)
You are immune to poison.
You resist negative energy. (rN+)
You are resistant to electric shocks. (rElec)
You can survive without breathing.
You are immune to petrification.
You are immune to rotting.


Message History

As you read the scroll labeled IKHYTA YJYEPNU, it crumbles to dust.
The creatures around you are filled with an inner flame!
It was a scroll of immolation.
Erica points at you and mumbles some strange words.
The bolt of poison hits you but does no damage.
You resist.
Blink to where?
Press: ? - help, Dir - move target cursor You are very lightly contaminated with residual magic.
As you read the scroll labeled MODOLIRYEL, it crumbles to dust.
It was a scroll of blinking.
Erica casts a spell at you.
The bolt of poison hits you but does no damage.
You resist. Erica gestures at you while chanting. The lance of force hits you.
* * * LOW HITPOINT WARNING * * *
You are knocked back by the lance of force.
You slam into the rock wall!
You die...

#.## #... ###### #####
#....# #.... #.§..#
#.### #..§§# #.#
################..§@###
#.#
..................§§§>#
#.#
################@§§§#§#
#.# ......[......#
######§# #.#
#########....## #.# #.#
### #.....# #.# #.# ..#
#.....# #.# #.# #.#
#####.# #.# #.# #.#
##.#######.#######.#
#[######
#........#.()......#
#......##
#........#.#########


You could see Erica (inner flame, strong).

Vanquished Creatures
  A two-headed ogre (D:5)
  Sigmund (D:2)
  A water moccasin (D:6)
  An orc warrior (D:6)
  A sky beast (D:7)
  A hornet zombie (D:7)
  A black bear (D:5)
  3 ogres
  2 centaurs
  2 bullfrogs
  A water moccasin skeleton (D:5)
  11 killer bees (D:7)
  A howler monkey (D:8)
  3 crimson imps
  3 hounds
  4 jellies
  Crazy Yiuf (D:2)
  4 orc priests
  6 orc wizards (D:5)
  7 worker ants
  2 hound zombies (D:5)
  2 worker ant zombies (D:7)
  Robin (D:2)
  4 gnolls (D:5)
  9 adders
  3 shadow imps
  An ooze (D:2)
  2 adder zombies
  4 worms
  4 dart slugs
  4 leopard geckos
  27 orcs
  A ball python (D:2)
  3 giant cockroaches
  14 goblins
  13 hobgoblins
  11 jackals
  5 quokkas
  10 bats
  3 frilled lizards
  A jackal skeleton (D:5)
  7 kobolds
  2 quokka skeletons
  8 rats
  A fungus (D:2)
197 creatures vanquished.

Vanquished Creatures (others)
  3 goblins (D:2)
  A hobgoblin (D:2)
4 creatures vanquished.

Grand Total: 201 creatures vanquished

Notes
Turn   | Place    | Note
-------+----------+-------------------------------------------
     0 | D:1      | Delamore the Gargoyle Fighter began the quest for the Orb.
     0 | D:1      | Reached XP level 1. HP: 14/14 MP: 1/1
    51 | D:1      | Reached XP level 2. HP: 19/19 MP: 2/2
   163 | D:1      | Reached skill level 3 in Maces & Flails
   350 | D:1      | Reached XP level 3. HP: 23/23 MP: 3/3
   899 | D:2      | Reached skill level 1 in Evocations
   899 | D:2      | Reached XP level 4. HP: 28/28 MP: 4/4
   966 | D:2      | Reached skill level 4 in Maces & Flails
  1064 | D:2      | Noticed Robin
  1768 | D:2      | Killed Robin
  1768 | D:2      | Reached XP level 5. HP: 28/32 MP: 6/6
  2408 | D:2      | Found a runed translucent door.
  2409 | D:2      | Noticed Crazy Yiuf
  2419 | D:2      | Killed Crazy Yiuf
  2553 | D:3      | Found a stormy altar of Qazlal.
  2569 | D:3      | Noticed a water elemental
  2584 | D:3      | Noticed an air elemental
  2584 | D:3      | Noticed a fire elemental
  2758 | D:3      | Noticed Sigmund
  2926 | D:2      | Killed Sigmund
  2926 | D:2      | Reached skill level 6 in Maces & Flails
  2926 | D:2      | Reached XP level 6. HP: 33/37 MP: 7/7
  3269 | D:4      | Found a staircase to the Ecumenical Temple.
  3301 | Temple   | Entered the Ecumenical Temple
  3450 | D:4      | Found an ancient bone altar of Kikubaaqudgha.
  4055 | D:5      | Entered Level 5 of the Dungeon
  4080 | D:5      | Reached XP level 7. HP: 41/41 MP: 8/8
  4103 | D:5      | Reached skill level 7 in Maces & Flails
  4240 | D:5      | Found a transporter.
  4245 | D:5      | Noticed a two-headed ogre
  4246 | D:5      | Found a transporter.
  4252 | D:5      | Found a shimmering altar of Xom.
  4252 | D:5      | Found a shadowy altar of Dithmenos.
  4384 | D:5      | Found Xamat's Assorted Antiques.
  4516 | D:5      | Bought a scroll labeled YMEW OCKOUM for 21 gold pieces
  4518 | D:5      | Bought a blue potion for 18 gold pieces
  4518 | D:5      | Bought a coppery potion for 18 gold pieces
  4663 | D:5      | Found a glowing silver altar of Zin.
  4752 | D:5      | Reached skill level 8 in Maces & Flails
  4846 | D:5      | Reached XP level 8. HP: 42/46 MP: 9/9
  5448 | D:5      | Killed a two-headed ogre
  5448 | D:5      | Reached skill level 10 in Maces & Flails
  5454 | D:5      | Reached XP level 9. HP: 31/51 MP: 10/10
  5460 | D:5      | Reached skill level 11 in Maces & Flails
  6682 | D:6      | Reached skill level 12 in Maces & Flails
  6920 | D:7      | Found a sacrificial altar of Ru.
  7201 | D:7      | HP: 2/51 [killer bee (4)]
  7771 | D:7      | Reached skill level 13 in Maces & Flails
  7788 | D:7      | Reached XP level 10. HP: 56/56 MP: 11/11
  8019 | D:8      | Noticed Erica
  8057 | D:7      | HP: 1/56 [Erica/lance of force (6)]
  8057 | D:7      | Collided with a rock wall

Illustrated notes

Levels and vault maps discovered:
D:1:      evilmike_arrival_crescent, layout_loops_ring
D:2:      layout_basic, minmay_misc_feat_enclosed, moated_statue, st_stairs_10,
          minmay_vboxes, uniq_crazy_yiuf_cottage, uniq_robin
D:3:      layout_loops_cross, nicolae_qazlal_style_of_elements, first_ration,
          serial_bayou_lagoon_a, uniq_sigmund
D:4:      layout_basic, kiku_gazebo_garden_becter, minmay_temple_entry_grid
D:5:      layout_loops_corners, zin_treasury, gammafunk_temple_overflow_arena,
          serial_shops, nicolae_shop_competitors_out_of_business
D:6:      layout_rooms
D:7:      layout_basic, nicolae_ru_awakened_eye
D:8:      layout_cave_pools, grunt_temple_overflow_bloody_war,
          lemuel_round_altar, overflow_temple_1_default, the_bakery,
          grunt_ministairs_9, chequers_serial_rivers_large_a,
          nicolae_water_bricks, uniq_erica, uniq_harold
Temple:   nicolae_temple_figure_zero

Skill      XL: |  1  2  3  4  5  6  7  8  9 |
---------------+----------------------------+-----
Maces & Flails | 3 4 6 8 10 13 | 13.4
Evocations     | 1 2 |  2.4
Fighting       | |  3.2
Armour         | |  3.2
Shields        | |  3.2

Action                   |  1- 3 |  4- 6 |  7- 9 | 10-12 || total
-------------------------+-------+-------+-------+-------++-------
Melee: Flail             |   114 |   255 |   483 |    50 ||   902
 Abil: Evoke Invisibilit |       |     2 |       |       ||     2
  Use: Scroll            |       |     8 |    10 |     5 ||    23
       Potion            |       |       |     2 |     1 ||     3
 Stab: Invisible         |       |     6 |       |       ||     6
  Eat: Chunk             |       |    11 |    12 |     1 ||    24
Armor: Scale mail        |    69 |   192 |   168 |    19 ||   448
Dodge: Dodged            |    29 |    97 |    99 |     1 ||   226
Block: Kite shield       |    73 |   241 |   349 |    20 ||   683
       Reflection        |       |     2 |     3 |       ||     5
